| TOP OF THE 1ST |
|
Clearwater Threshers batting - Pitching for Galveston Sand Crabs : RHP Bill Mooneyham
|
|
Pitching: RHP Bill Mooneyham
|
|
|
Batting: LHB Tom Jones
|
0-0: Called Strike 0-1: Called Strike 0-2: Ball 1-2: Ball 2-2: Ball 3-2: Base on Balls
|
|
Batting: RHB Vincent Beringhele
|
0-0: Ball 1-0: Ball 2-0: Ball Wild Pitch! Tom Jones to second 3-0: Called Strike 3-1: Base on Balls
|
|
Batting: RHB Roy Wolfe
|
0-0: Grounds into double play, 5-4-3 (Groundball, 56, EV 105.0 MPH) Tom Jones to third
|
|
Batting: RHB Ralph Antone
|
0-0: Swinging Strike 0-1: Foul Ball, location: 2F 0-2: Strikes out swinging
|
| Top of the 1st over - 0 runs, 0 hits, 0 errors, 1 left on base; Clearwater 0 - Galveston 0 |
| BOTTOM OF THE 1ST |
|
Galveston Sand Crabs batting - Pitching for Clearwater Threshers : RHP R.J. Rodriguez
|
|
Pitching: RHP R.J. Rodriguez
|
|
|
Batting: LHB David Dyrek
|
0-0: Foul Ball, location: 2F 0-1: Ball 1-1: Foul Ball, location: 2F 1-2: Ball 2-2: Foul Ball, location: 2F 2-2: Ball 3-2: Foul Ball, location: 2F 3-2: Ground out U3 (Groundball, 34S, EV 83.8 MPH)
|
|
Batting: SHB Darryl Wilks
|
0-0: Ball 1-0: Ball 2-0: Fly out, F8 (Flyball, 8RD, EV 96.9 MPH)
|
|
Batting: LHB Van Snider
|
0-0: Ball 1-0: Ground out U3 (Groundball, 34, EV 79.4 MPH)
|
| Bottom of the 1st over - 0 runs, 0 hits, 0 errors, 0 left on base; Clearwater 0 - Galveston 0 |
| TOP OF THE 2ND |
|
Clearwater Threshers batting - Pitching for Galveston Sand Crabs : RHP Bill Mooneyham
|
|
Batting: RHB Rico Sutton
|
0-0: Called Strike 0-1: Foul Ball, location: 2F 0-2: Strikes out swinging
|
|
Batting: RHB Charles Jennings
|
0-0: Ball 1-0: Swinging Strike 1-1: Ball 2-1: Ground out 6-3 (Groundball, P, EV 84.4 MPH)
|
|
Batting: RHB Pete Piskol
|
0-0: Called Strike 0-1: Foul Ball, location: 2F 0-2: Ball 1-2: Strikes out swinging
|
| Top of the 2nd over - 0 runs, 0 hits, 0 errors, 0 left on base; Clearwater 0 - Galveston 0 |
| BOTTOM OF THE 2ND |
|
Galveston Sand Crabs batting - Pitching for Clearwater Threshers : RHP R.J. Rodriguez
|
|
Batting: RHB Stephen Turgeon
|
0-0: Called Strike 0-1: Ball 1-1: Ball 2-1: Foul Ball, location: 2F 2-2: Foul Ball, location: 2F 2-2: Foul Ball, location: 2F 2-2: Fly out, F8 (Flyball, 89XD, EV 103.8 MPH)
|
|
Batting: LHB Dave Montanari
|
0-0: Ball 1-0: Ground out 4-3 (Groundball, 4, EV 80.0 MPH)
|
|
Batting: RHB Cayetano Cadahia
|
0-0: Foul Ball, location: 2F 0-1: Swinging Strike 0-2: Ball 1-2: Foul Ball, location: 2F 1-2: Foul Ball, location: 2F 1-2: Ball 2-2: Fly out, F3 (Popup, 3F, EV 58.1 MPH)
|
| Bottom of the 2nd over - 0 runs, 0 hits, 0 errors, 0 left on base; Clearwater 0 - Galveston 0 |
| TOP OF THE 3RD |
|
Clearwater Threshers batting - Pitching for Galveston Sand Crabs : RHP Bill Mooneyham
|
|
Batting: RHB James Padula
|
0-0: Fly out, F9 (Flyball, 9, EV 83.8 MPH)
|
|
Batting: RHB Pedro Hernandez
|
0-0: Fly out, F8 (Flyball, 8RD, EV 91.9 MPH)
|
|
Batting: LHB Tom Jones
|
0-0: Ball 1-0: Ball 2-0: Ball 3-0: Called Strike 3-1: Base on Balls
|
|
Batting: RHB Vincent Beringhele
|
0-0: Called Strike 0-1: Foul Ball, location: 2F 0-2: Strikes out swinging
|
| Top of the 3rd over - 0 runs, 0 hits, 0 errors, 1 left on base; Clearwater 0 - Galveston 0 |
| BOTTOM OF THE 3RD |
|
Galveston Sand Crabs batting - Pitching for Clearwater Threshers : RHP R.J. Rodriguez
|
|
Batting: RHB Sergio Padilla
|
0-0: Swinging Strike 0-1: Ball 1-1: Ball 2-1: Ball 3-1: Called Strike 3-2: Foul Ball, location: 2F 3-2: SINGLE (Line Drive, 89S, EV 100.6 MPH)
|
|
Batting: SHB Charles Menzhuber
|
0-0: SINGLE (Line Drive, 8LS, EV 105.6 MPH) Sergio Padilla to second
|
|
Batting: RHB Wil Muela
|
0-0: Ball 1-0: Swinging Strike 1-1: Ball 2-1: Ball 3-1: Foul Ball, location: 2F 3-2: Grounds into double play, 5-4-3 (Groundball, 5, EV 86.3 MPH) Sergio Padilla to third
|
|
Batting: LHB David Dyrek
|
0-0: Ball 1-0: Fly out, F2 (Popup, 25F, EV 86.3 MPH)
|
| Bottom of the 3rd over - 0 runs, 2 hits, 0 errors, 1 left on base; Clearwater 0 - Galveston 0 |
| TOP OF THE 4TH |
|
Clearwater Threshers batting - Pitching for Galveston Sand Crabs : RHP Bill Mooneyham
|
|
Batting: RHB Roy Wolfe
|
0-0: Ball 1-0: Foul Ball, location: 2F 1-1: Swinging Strike 1-2: Ball 2-2: Fly out, F6 (Popup, 6M, EV 70.0 MPH)
|
|
Batting: RHB Ralph Antone
|
0-0: SINGLE (Line Drive, 9S, EV 93.1 MPH)
|
|
Batting: RHB Rico Sutton
|
0-0: Ball 1-0: Ball 2-0: Ball 3-0: Called Strike 3-1: Base on Balls Ralph Antone to second
|
|
Batting: RHB Charles Jennings
|
0-0: Ball 1-0: Ball 2-0: Ball 3-0: Called Strike 3-1: Called Strike 3-2: Foul Ball, location: 2F 3-2: Base on Balls Ralph Antone to third Rico Sutton to second
|
|
Batting: RHB Pete Piskol
|
0-0: SINGLE (Line Drive, 34D, EV 100.0 MPH) Ralph Antone scores Rico Sutton to third Charles Jennings to second
|
|
Batting: RHB James Padula
|
0-0: Ball 1-0: Swinging Strike 1-1: Foul Ball, location: 2F 1-2: Fly out, F9 (Flyball, 9, EV 75.0 MPH)
|
|
Batting: RHB Pedro Hernandez
|
0-0: Called Strike 0-1: Swinging Strike 0-2: Ground out 4-3 (Groundball, 4, EV 101.9 MPH)
|
| Top of the 4th over - 1 run, 2 hits, 0 errors, 3 left on base; Clearwater 1 - Galveston 0 |
| BOTTOM OF THE 4TH |
|
Galveston Sand Crabs batting - Pitching for Clearwater Threshers : RHP R.J. Rodriguez
|
|
Batting: SHB Darryl Wilks
|
0-0: Called Strike 0-1: Ball 1-1: Called Strike 1-2: Ball 2-2: Ball 3-2: Base on Balls
|
|
Batting: LHB Van Snider
|
0-0: Called Strike 0-1: Foul Ball, location: 2F 0-2: DOUBLE (Line Drive, 7LS, EV 105.0 MPH) Darryl Wilks to third
|
|
Pitching: RHP Tom Burns
|
|
|
Batting: RHB Stephen Turgeon
|
0-0: Swinging Strike 0-1: Ball 1-1: Called Strike 1-2: Strikes out swinging
|
|
Batting: LHB Dave Montanari
|
0-0: Called Strike 0-1: Ball 1-1: Ground out 4-3 (Groundball, 4, EV 90.0 MPH) Darryl Wilks scores Van Snider to third
|
|
Batting: RHB Cayetano Cadahia
|
0-0: Swinging Strike 0-1: Called Strike 0-2: Fly out, F7 (Flyball, 7LS, EV 83.1 MPH)
|
| Bottom of the 4th over - 1 run, 1 hit, 0 errors, 1 left on base; Clearwater 1 - Galveston 1 |
| TOP OF THE 5TH |
|
Clearwater Threshers batting - Pitching for Galveston Sand Crabs : RHP Bill Mooneyham
|
|
Batting: LHB Tom Jones
|
0-0: Called Strike 0-1: Swinging Strike 0-2: Ball 1-2: Foul Ball, location: 2F 1-2: Strikes out swinging
|
|
Batting: RHB Vincent Beringhele
|
0-0: Called Strike 0-1: Ball 1-1: Called Strike 1-2: Foul Ball, location: 2F 1-2: Ball 2-2: SINGLE (Flyball, 89S, EV 86.9 MPH)
|
|
Batting: RHB Roy Wolfe
|
0-0: Fly out, F9 (Flyball, 89S, EV 90.0 MPH)
|
|
Batting: RHB Ralph Antone
|
0-0: Called Strike 0-1: Ball 1-1: Ball 2-1: Ball 3-1: Base on Balls Vincent Beringhele to second
|
|
Batting: RHB Rico Sutton
|
0-0: Called Strike 0-1: Fielders Choice at 2nd, 6-4 (Groundball, 6, EV 105.6 MPH)
|
| Top of the 5th over - 0 runs, 1 hit, 0 errors, 2 left on base; Clearwater 1 - Galveston 1 |
| BOTTOM OF THE 5TH |
|
Galveston Sand Crabs batting - Pitching for Clearwater Threshers : RHP Tom Burns
|
|
Batting: RHB Sergio Padilla
|
0-0: Ball 1-0: Called Strike 1-1: DOUBLE (Line Drive, 5D, EV 100.6 MPH)
|
|
Batting: SHB Charles Menzhuber
|
0-0: Foul Ball, location: 2F 0-1: TRIPLE (Line Drive, 9LD, EV 103.8 MPH) Sergio Padilla scores
|
|
Batting: RHB Wil Muela
|
0-0: Ball 1-0: Ball 2-0: Fly out, F2 (Popup, 2RF, EV 91.3 MPH)
|
|
Batting: LHB David Dyrek
|
0-0: Ground out 4-3 (Groundball, 4, EV 89.4 MPH)
|
|
Batting: SHB Darryl Wilks
|
0-0: Ball 1-0: Ball 2-0: Ball 3-0: Base on Balls
|
|
Batting: LHB Van Snider
|
0-0: Ball 1-0: Ball 2-0: Called Strike 2-1: 3-RUN HOME RUN (Flyball, 9D, EV 107.5 MPH), Distance : 387 ft
|
|
Pitching: LHP Ricky Garcia
|
|
|
Batting: RHB Stephen Turgeon
|
0-0: Ball 1-0: Ball 2-0: Called Strike 2-1: Ball 3-1: Swinging Strike 3-2: Foul Ball, location: 2F 3-2: DOUBLE (Flyball, 9LD, EV 95.0 MPH)
|
|
Batting: LHB Dave Montanari
|
0-0: Ball 1-0: Called Strike 1-1: Called Strike 1-2: Ball 2-2: Foul Ball, location: 2F 2-2: Ball 3-2: Fly out, F7 (Line Drive, 7, EV 83.8 MPH)
|
| Bottom of the 5th over - 4 runs, 4 hits, 0 errors, 1 left on base; Clearwater 1 - Galveston 5 |
| TOP OF THE 6TH |
|
Clearwater Threshers batting - Pitching for Galveston Sand Crabs : RHP Bill Mooneyham
|
|
Batting: RHB Charles Jennings
|
0-0: Ground out 5-3 (Groundball, 5L, EV 88.8 MPH)
|
|
Batting: RHB Pete Piskol
|
0-0: Called Strike 0-1: Ball 1-1: Swinging Strike 1-2: Ball 2-2: Strikes out swinging
|
|
Batting: RHB James Padula
|
0-0: Fly out, F8 (Flyball, 8LM, EV 90.0 MPH)
|
| Top of the 6th over - 0 runs, 0 hits, 0 errors, 0 left on base; Clearwater 1 - Galveston 5 |
| BOTTOM OF THE 6TH |
|
Galveston Sand Crabs batting - Pitching for Clearwater Threshers : LHP Ricky Garcia
|
|
Batting: RHB Cayetano Cadahia
|
0-0: Called Strike 0-1: Ball 1-1: Ball 2-1: Ball 3-1: Base on Balls
|
|
Batting: RHB Sergio Padilla
|
0-0: Ball 1-0: Ball 2-0: Ball 3-0: Called Strike 3-1: SINGLE (Groundball, 6MS, EV 68.1 MPH) (infield hit) Cayetano Cadahia to second
|
|
Batting: SHB Charles Menzhuber
|
0-0: Fly out, F3 (Flyball, 3D, EV 81.3 MPH)
|
|
Batting: RHB Wil Muela
|
0-0: Foul Ball, location: 2F 0-1: Ball 1-1: Foul Ball, location: 2F 1-2: Fly out, F7 (Flyball, 7LM, EV 89.4 MPH)
|
|
Batting: LHB David Dyrek
|
0-0: Called Strike 0-1: Ball 1-1: Ball 2-1: Ball 3-1: Base on Balls Cayetano Cadahia to third Sergio Padilla to second
|
|
Batting: SHB Darryl Wilks
|
0-0: Foul Ball, location: 2F 0-1: Foul Ball, location: 2F 0-2: Ball 1-2: Ball 2-2: Ball 3-2: Foul Ball, location: 2F 3-2: SINGLE (Line Drive, 8RS, EV 95.0 MPH) Cayetano Cadahia scores Sergio Padilla to third David Dyrek to second Sergio Padilla scores David Dyrek to third
|
|
Batting: LHB Van Snider
|
0-0: Swinging Strike 0-1: Foul Ball, location: 2F 0-2: Ball 1-2: Foul Ball, location: 2F 1-2: Strikes out swinging
|
| Bottom of the 6th over - 2 runs, 2 hits, 0 errors, 2 left on base; Clearwater 1 - Galveston 7 |
| TOP OF THE 7TH |
|
Clearwater Threshers batting - Pitching for Galveston Sand Crabs : RHP Bill Mooneyham
|
|
Batting: RHB Pedro Hernandez
|
0-0: Called Strike 0-1: SINGLE (Groundball, 4MD, EV 108.1 MPH)
|
|
Batting: LHB Tom Jones
|
0-0: Called Strike 0-1: Foul Ball, location: 2F 0-2: Strikes out swinging
|
|
Batting: RHB Vincent Beringhele
|
0-0: Called Strike 0-1: Ball 1-1: Ball 2-1: Ball 3-1: Called Strike 3-2: Ground out 6-3 (Groundball, 6, EV 78.8 MPH) Pedro Hernandez to second
|
|
Batting: RHB Roy Wolfe
|
0-0: Called Strike 0-1: Ball 1-1: Fly out, F5 (Line Drive, 5, EV 71.9 MPH)
|
| Top of the 7th over - 0 runs, 1 hit, 0 errors, 1 left on base; Clearwater 1 - Galveston 7 |
| BOTTOM OF THE 7TH |
|
Galveston Sand Crabs batting - Pitching for Clearwater Threshers : LHP Ricky Garcia
|
|
Batting: RHB Stephen Turgeon
|
0-0: Ball 1-0: Swinging Strike 1-1: TRIPLE (Flyball, 78XD, EV 99.4 MPH)
|
|
Batting: LHB Dave Montanari
|
0-0: Ground out 6-3 (Groundball, 6, EV 87.5 MPH) Stephen Turgeon scores
|
|
Pinch Hitting: RHB Jeff Ransom
|
0-0: Ground out 6-3 (Groundball, 6, EV 103.8 MPH)
|
|
Batting: RHB Sergio Padilla
|
0-0: Ball 1-0: Ball 2-0: Ball 3-0: Base on Balls
|
|
Batting: SHB Charles Menzhuber
|
0-0: Called Strike 0-1: Foul Ball, location: 2F 0-2: Foul Ball, location: 2F 0-2: Strikes out looking
|
| Bottom of the 7th over - 1 run, 1 hit, 0 errors, 1 left on base; Clearwater 1 - Galveston 8 |
| TOP OF THE 8TH |
|
Clearwater Threshers batting - Pitching for Galveston Sand Crabs : RHP Bill Mooneyham
|
|
Now at C: Jeff Ransom
|
|
|
Batting: RHB Ralph Antone
|
0-0: Swinging Strike 0-1: Ball 1-1: Foul Ball, location: 2F 1-2: Fly out, F8 (Line Drive, 8RM, EV 91.3 MPH)
|
|
Batting: RHB Rico Sutton
|
0-0: Swinging Strike 0-1: Ball 1-1: Ball 2-1: Called Strike 2-2: Strikes out swinging
|
|
Batting: RHB Charles Jennings
|
0-0: Called Strike 0-1: Ball 1-1: Swinging Strike 1-2: Ball 2-2: Ball 3-2: Fly out, F2 (Popup, 25F, EV 78.8 MPH)
|
| Top of the 8th over - 0 runs, 0 hits, 0 errors, 0 left on base; Clearwater 1 - Galveston 8 |
| BOTTOM OF THE 8TH |
|
Galveston Sand Crabs batting - Pitching for Clearwater Threshers : LHP Ricky Garcia
|
|
Batting: RHB Wil Muela
|
0-0: Swinging Strike 0-1: Ball 1-1: Foul Ball, location: 2F 1-2: Strikes out looking
|
|
Batting: LHB David Dyrek
|
0-0: Called Strike 0-1: Ball 1-1: Called Strike 1-2: Ball 2-2: Ball 3-2: Foul Ball, location: 2F 3-2: Base on Balls
|
|
Pitching: RHP Gil Ryan
|
|
|
Batting: SHB Darryl Wilks
|
0-0: Foul Ball, location: 2F 0-1: Swinging Strike 0-2: SINGLE (Line Drive, 7S, EV 103.1 MPH) David Dyrek to second
|
|
Pinch Hitting: RHB Roman Musselwhite
|
0-0: Called Strike 0-1: Swinging Strike 0-2: SINGLE (Groundball, 6MD, EV 96.3 MPH) David Dyrek to third Darryl Wilks to second Runner from 3rd tries for Home, SAFE, throw by CF to home
|
|
Batting: RHB Stephen Turgeon
|
0-0: Fly out, F9 (Flyball, 89D, EV 99.4 MPH) Runner from 2nd tags up, SAFE at 3rd, no throw by RF
|
|
Batting: LHB Dave Montanari
|
0-0: Ball 1-0: Ball 2-0: Ball 3-0: Base on Balls Roman Musselwhite to second
|
|
Pinch Hitting: SHB Raymond Williams
|
0-0: Called Strike 0-1: Foul Ball, location: 2F 0-2: Foul Ball, location: 2F 0-2: Ball 1-2: DOUBLE (Line Drive, 8RXD, EV 96.9 MPH) Darryl Wilks scores Roman Musselwhite scores Dave Montanari to third Runner from 3rd tries for Home, SAFE, no throw by CF
|
|
Batting: RHB Sergio Padilla
|
0-0: Ball 1-0: Foul Ball, location: 2F 1-1: Swinging Strike 1-2: Strikes out swinging
|
| Bottom of the 8th over - 4 runs, 3 hits, 0 errors, 1 left on base; Clearwater 1 - Galveston 12 |
| TOP OF THE 9TH |
|
Clearwater Threshers batting - Pitching for Galveston Sand Crabs : RHP Bill Mooneyham
|
|
Now at C: Raymond Williams
|
|
|
Now at 1B: Roman Musselwhite
|
|
|
Batting: RHB Pete Piskol
|
0-0: Called Strike 0-1: Foul Ball, location: 2F 0-2: Ball 1-2: Foul Ball, location: 2F 1-2: Foul Ball, location: 2F 1-2: Strikes out swinging
|
|
Batting: RHB James Padula
|
0-0: Ball 1-0: Ball 2-0: Swinging Strike 2-1: Ball 3-1: Base on Balls
|
|
Batting: RHB Pedro Hernandez
|
0-0: Called Strike 0-1: Foul Ball, location: 2F 0-2: Fly out, F9 (Flyball, 9, EV 83.8 MPH)
|
|
Batting: LHB Tom Jones
|
0-0: Ball 1-0: TRIPLE (Flyball, 8RXD, EV 106.3 MPH) James Padula scores
|
|
Batting: RHB Vincent Beringhele
|
0-0: Foul Ball, location: 2F 0-1: Ball 1-1: Fly out, F8 (Line Drive, 8RM, EV 100.0 MPH)
|
| Top of the 9th over - 1 run, 1 hit, 0 errors, 1 left on base; Clearwater 2 - Galveston 12 |
|